 Dungeon Crawl Stone Soup version 0.31-a0-1074-g0b22e4e0f1 (webtiles) character file.

Game seed: 10160385384924416829

566 wildpjah the Covered (level 7, -13/61 HPs)
             Began as a Minotaur Fighter on Dec 5, 2023.
             Mangled by an ogre
             ... wielding a +0 giant club
              (74 damage)
             ... on level 5 of the Dungeon.
             The game lasted 00:06:01 (2977 turns).

wildpjah the Covered (Minotaur Fighter)             Turns: 2977, Time: 00:06:01

Health: -13/61     AC: 11    Str: 22    XL:     7   Next: 10%
Magic:  6/6        EV:  2    Int:  5    God:
Gold:   242        SH:  0    Dex: 10    Spells: 6/6 levels left

rFire   . . .        a - +0 war axe
rCold   . . .        c - +0 buckler
rNeg    . . .        n - +0 chain mail
rPois   .            (helmet restricted)
rElec   .            u - +0 cloak
rCorr   .            (no gloves)
SInv    .            (no boots)
Will    .....        (no amulet) Stlth
                     (no ring)
HPRegen 0.30/turn    (no ring)
MPRegen 0.10/turn

%: no passive effects
@: sleeping
A: horns 2, retaliatory headbutt
a: no special abilities


You were on level 5 of the Dungeon.
You visited 1 branch of the dungeon, and saw 5 of its levels.

You collected 242 gold pieces.

Inventory:

Hand Weapons
 a - a +0 war axe (weapon)
Armour
 c - a +0 buckler (worn)
 n - a +0 chain mail (worn)
 u - a +0 cloak (worn)
Jewellery
 m - a ring of magical power
Scrolls
 f - a scroll of enchant armour {unknown}
 g - 2 scrolls of immolation {unknown}
 h - 4 scrolls of identify {unknown}
 k - a scroll of amnesia {unknown}
 l - a scroll of enchant weapon {unknown}
 o - a scroll of fear {unknown}
 p - a scroll of revelation {unknown}
 q - 2 scrolls of teleportation {unknown}
 r - a scroll of silence {unknown}
 t - a scroll of blinking {unknown}
Potions
 b - 2 potions of curing {unknown}
 d - 2 potions of might
 e - a potion of cancellation {unknown}
 i - a potion of ambrosia {unknown}
 j - 2 potions of haste {unknown}
 s - a potion of brilliance {unknown}


   Skills:
 + Level 5.0 Fighting
 + Level 5.7 Axes
 * Level 5.8 Armour
 + Level 1.3 Dodging
 + Level 0.1 Stealth
 * Level 5.5 Shields


You had 6 spell levels left.
You didn't know any spells.
Your spell library contained the following spells:

 Spells                   Type           Power      Damage    Failure   Level
 Necrotise                Necr           0%         1d4       98%         1
 Jinxbite                 Hex            0%         N/A       99%         2
 Vampiric Draining        Necr           0%         2d6       100%        3
 Agony                    Necr           0%         N/A       100%        5
 Metabolic Englaciation   Hex/Ice        0%         N/A       100%        5
 Silence                  Hex/Air        0%         N/A       100%        5
 Yara's Violent Unravell  Hex/Tmut       0%         3d3       100%        5


Dungeon Overview and Level Annotations

Branches:
Dungeon (5/15)
 Temple: D:4-7

Altars:
Fedhas
Nemelex Xobeh

Shops:
D:2 *=(


Innate Abilities, Weirdness & Mutations

You have a pair of horns on your head.
You reflexively headbutt those who attack you in melee.


Message History

The orc is lightly wounded.
You barely miss the iguana. You hit the adder. You hit the orc.
You block the adder's attack. The adder bites you but does no damage.
The iguana barely misses you. The orc hits you but does no damage. x2
You miss the adder. Your headbutt misses the adder.
The adder is heavily wounded.
You barely miss the orc. You hit the iguana. You hit the orc.
The adder bites you but does no damage. The orc hits you with a +0 war axe.
The iguana bites you but does no damage.
The orc barely misses you. You furiously retaliate!
You headbutt the orc.
You kill the orc!
The adder barely misses you.
You hit the iguana. You headbutt the iguana.
The iguana is severely wounded.
You hit the orc.
You kill the orc!
You slash the adder!
You kill the adder!
The iguana bites you but does no damage.
You closely miss the iguana.
The iguana is severely wounded.
The iguana bites you but does no damage. x2
You closely miss the iguana.
You headbutt the iguana, but do no damage.
The iguana is severely wounded.
You block the iguana's attack.
You barely miss the iguana.
The iguana is severely wounded.
The iguana barely misses you. You furiously retaliate!
You headbutt the iguana!
You kill the iguana!
Your Dodging skill increases to level 1!
There is a stone staircase leading down, spattered with blood here.
You start resting.
HP restored.
You climb downwards.
The sleepcap releases spores at you.
You are engulfed in a cloud of soporific spores!
You fall asleep.
The ogre hits you with a +0 giant club!!!!
Ouch! That really hurt!
You die...

. .. ... ....#
.....#####
.........#
......#@f#####
.......O.......
##......#[.####
##.........####
.......<......#
#..#....#...###
#..#..#.......#
#.......#..####
#.##. #f...


You could see an ogre and a sleepcap.

Vanquished Creatures
  An ice beast (D:4)
  A scorpion (D:4)
  2 hounds (D:4)
  Jessica (D:3)
  4 iguanas (D:4)
  2 orc wizards (D:4)
  8 adders
  3 worms
  4 dart slugs
  7 orcs (D:4)
  9 ball pythons
  8 bats
  6 endoplasms
  10 giant cockroaches
  4 goblins
  6 hobgoblins
  6 kobolds
  6 quokkas
  2 frilled lizards
  3 rats
93 creatures vanquished.

Notes
Turn   | Place    | Note
-------+----------+-------------------------------------------
     0 | D:1      | wildpjah the Minotaur Fighter began the quest for the Orb.
     0 | D:1      | Reached XP level 1. HP: 19/19 MP: 0/0
    57 | D:1      | Reached XP level 2. HP: 27/27 MP: 1/1
   160 | D:1      | Reached XP level 3. HP: 23/33 MP: 2/2
   217 | D:1      | Got the Incunabulum of Imprecation
   842 | D:2      | Found Norathou's Antique Weapon Emporium.
   881 | D:2      | Found Zoucku's General Store.
   933 | D:2      | Found Wiraplizag's Jewellery Shoppe.
   978 | D:2      | Reached XP level 4. HP: 40/40 MP: 3/3
  1247 | D:3      | Found a faded altar of an unknown god.
  1380 | D:3      | Found a blossoming altar of Fedhas.
  1547 | D:3      | Noticed Jessica
  1548 | D:3      | Found a faded altar of an unknown god.
  1549 | D:3      | Killed Jessica
  1550 | D:3      | Reached XP level 5. HP: 47/47 MP: 4/4
  1551 | D:3      | Found a sparkling altar of Nemelex Xobeh.
  1679 | D:4      | Reached skill level 5 in Armour
  1679 | D:4      | Reached skill level 5 in Shields
  1923 | D:4      | Reached XP level 6. HP: 23/53 MP: 5/5
  2056 | D:4      | Reached skill level 5 in Axes
  2839 | D:5      | Entered Level 5 of the Dungeon
  2839 | D:5      | Noticed an ice beast
  2852 | D:4      | Killed an ice beast
  2853 | D:4      | Reached skill level 5 in Fighting
  2908 | D:4      | Reached XP level 7. HP: 49/61 MP: 6/6
  2958 | D:4      | Reached skill level 1 in Dodging
  2977 | D:5      | Mangled by an ogre

Illustrated notes

Levels and vault maps discovered:
D:1:      dpeg_arrival_fog, layout_basic, st_stairs_9, minmay_indecisive_spiral
D:2:      layout_rooms, serial_shops, nicolae_shop_tiny_glass, shop, shop
D:3:      layout_rooms, old_standard_altar, nicolae_overflow_ecumenical_swirl,
          nicolae_ecumenical_snake_handling, uniq_jessica
D:4:      layout_basic
D:5:      layout_basic, hellmonk_okawaru_the_only_friend_you_need,
          mainiacjoe_overflow_divided_tiny, minmay_temple_entry_large_hall

Skill      XL: |  1  2  3  4  5  6  7 |
---------------+----------------------+-----
Shields        | 4 5 |  5.5
Fighting       | 4 5 |  5.0
Armour         | 4 5 |  5.8
Axes           | 3 4 5 |  5.7
Dodging        | 1 |  1.3
Stealth        | |  0.1

Action                     |  1- 3 |  4- 6 |  7- 9 || total
---------------------------+-------+-------+-------++-------
  Melee: War axe           |    89 |   115 |     6 ||   210
         Headbutt          |    14 |    18 |     2 ||    34
 Armour: Scale mail        |    62 |     3 |       ||    65
         Chain mail        |       |    98 |    16 ||   114
  Dodge: Dodged            |    37 |    45 |     8 ||    90
  Block: Buckler           |    27 |    23 |     2 ||    52

Table legend: (Time is in decaauts)
 A = Elapsed time spent in this place.
 B = Non-inter-level travel time spent in this place.
 C = Inter-level travel time spent in this place.
 D = Time resting spent in this place.
 E = Time spent auto-exploring this place.
 F = Levels seen in this place.
 G = Mean time per level.
                   A        B        C        D        E       F      G
               +--------+--------+--------+--------+--------+-----+--------+
         Total |   3049 |   2888 |    161 |     55 |   2259 |   5 |  609.8 |
       Dungeon |   3049 |   2888 |    161 |     55 |   2259 |   5 |  609.8 |
               +--------+--------+--------+--------+--------+-----+--------+

Top non-repeatable levels by time:
     D:4: 1352 daAuts
     D:1: 783 daAuts
     D:3: 487 daAuts
     D:2: 417 daAuts
     D:5: 8 daAuts
